[Event "CAT-chT 2020"]
[Site "Catalonia"]
[Date "2020.01.18"]
[Round "1.4"]
[White "Mestre Bellido, Hector"]
[Black "Mieles Palau, Daniel"]
[Result "0-1"]
[ECO "B37"]
[WhiteElo "2285"]
[BlackElo "2374"]
[Annotator "RC"]
[PlyCount "72"]
[EventDate "2020.01.18"]
[EventType "team-tourn"]
[EventCountry "ESP"]
[SourceTitle "playchess.com"]
[Source "ChessBase"]
[SourceQuality "1"]
[TimeControl "5400+30"]

1. Nf3 c5 2. c4 g6 3. Nc3 Bg7 4. d4 cxd4 5. Nxd4 Nc6 6. Nc2 d6 7. e4 Bxc3+ 8. bxc3 Nf6 9. f3 O-O 10. Be2 Be6 11. Bg5 Rc8 12. Ne3 Qa5 13. Nd5 Bxd5 14. cxd5 Ne5 15. O-O Qxc3 16. Rb1 b6 17. Qa4 Ned7 18. Rfc1 Qe5 19. Bh6 Rxc1+ 20. Rxc1 Nc5 21. Rxc5 dxc5 22. Bxf8 Kxf8 23. Qxa7 Qd4+ 24. Kf1 c4 25. Qa4 Qa1+ 26. Qd1 Qxa2 27. d6 c3 28. e5 Nd7 29. dxe7+ Kxe7 30. Bb5 Nxe5 31. Qe1 Qd5 32. Ba4 Qc4+ 33. Kg1 Qd4+ 34. Kf1 Kf6 35. Bc2 Nc4 36. Qe2 Nd2+ 0-1

[Event "CAT-chT 2020"]
[Site "Catalonia"]
[Date "2020.01.18"]
[Round "1.10"]
[White "Llaneza Vega, Patricia"]
[Black "Valencia Jimenez, Jose"]
[Result "1-0"]
[ECO "B15"]
[WhiteElo "2152"]
[BlackElo "2027"]
[Annotator "RC"]
[PlyCount "59"]
[EventDate "2020.01.18"]
[EventType "team-tourn"]
[EventCountry "ESP"]
[SourceTitle "playchess.com"]
[Source "ChessBase"]
[SourceQuality "1"]
[TimeControl "5400+30"]

1. e4 g6 2. d4 Bg7 3. Nc3 c6 4. Nf3 d5 5. h3 dxe4 6. Nxe4 Nd7 7. Bd3 Ngf6 8. Nxf6+ Nxf6 9. O-O O-O 10. Re1 Qc7 11. Bg5 b6 12. Qe2 e6 13. Qe5 Nd5 14. Qxc7 Nxc7 15. c4 Bb7 16. Rad1 h6 17. Bf4 Rac8 18. Ne5 g5 19. Bh2 Rfd8 20. Be4 Ne8 21. c5 Nf6 22. Bf3 Nd7 23. Nc4 Bf8 24. Bd6 Bxd6 25. Nxd6 Rc7 26. Nxb7 Rxb7 27. Bxc6 Rc7 28. Ba4 bxc5 29. dxc5 Rdc8 30. Bxd7 1-0

[Event "CAT-chT 2020"]
[Site "Catalonia"]
[Date "2020.01.25"]
[Round "2.9"]
[White "Guasch Figuerola, Agusti"]
[Black "Llopis de Aysa, Manuel"]
[Result "1-0"]
[ECO "A36"]
[WhiteElo "2004"]
[BlackElo "2066"]
[Annotator "NA RC"]
[PlyCount "167"]
[EventDate "2020.01.18"]
[EventType "team-tourn"]
[EventCountry "ESP"]
[SourceTitle "playchess.com"]
[Source "ChessBase"]
[SourceQuality "1"]
[TimeControl "5400+30"]

1. c4 g6 2. g3 Bg7 3. Bg2 e5 4. Nc3 d6 5. d3 Ne7 6. e4 c5 7. Nge2 Nbc6 8. a3 a5 9. O-O O-O 10. Bd2 Rb8 11. Nd5 Nxd5 12. cxd5 Nd4 13. b4 Nxe2+ 14. Qxe2 b6 15. Rab1 axb4 16. axb4 Bd7 17. Rb2 Qc7 18. h4 Rfc8 19. Rc1 Ra8 20. Kh2 h5 21. Be3 f5 22. Ra2 Kh7 23. bxc5 bxc5 24. Rca1 Rab8 25. Ra7 Rb7 26. Qa2 f4 27. Rxb7 fxg3+ 28. fxg3 Qxb7 29. Rb1 Qc7 30. Bg5 Bg4 31. Rb2 Rf8 32. Qb1 Rf7 33. Rb6 Rf2 34. Be3 Re2 35. Bg5 Qf7 36. Rb2 Qf2 37. Rxe2 Qxe2 38. Qf1 Qxf1 39. Bxf1 Bf8 40. Kg2 Kg7 41. Kf2 Kf7 42. Be2 Bd7 43. Ke3 Be7 44. Bd1 Bxg5+ 45. hxg5 Ke7 46. Kd2 Kd8 47. Kc3 Kc7 48. Be2 Kb6 49. Bd1 Ka5 50. Be2 Ka4 51. Bf1 Bg4 52. Bg2 Ka3 53. Bf1 Ka4 54. Bg2 Ka3 55. Bf1 Bd7 56. Be2 Ka2 57. Kc2 Bg4 58. Bf1 Bf3 59. Bh3 Bg4 60. Bf1 Ka3 61. Kc3 Bd7 62. Bg2 Ka2 63. Kc2 Ba4+ 64. Kc3 Kb1 65. Bh3 Kc1 66. Bc8 Kd1 67. Bb7 Be8 68. Bc6 Bf7 69. Bd7 Ke2 70. Kc4 Ke3 71. Be6 Be8 72. Bc8 Kf3 73. Bb7 Bf7 74. Kb5 Kxg3 75. Kc6 h4 76. Bc8 h3 77. Bxh3 Kxh3 78. Kxd6 Be8 79. Kxe5 Kg4 80. Kf6 Kf4 81. e5 Ke3 82. e6 Kxd3 83. d6 c4 84. d7 1-0

[Event "CAT-chT 2020"]
[Site "Catalonia"]
[Date "2020.01.25"]
[Round "2.10"]
[White "Magallanes, Gustavo"]
[Black "Boldu Soto, Roger"]
[Result "0-1"]
[ECO "C00"]
[WhiteElo "2001"]
[BlackElo "2060"]
[Annotator "NA RC"]
[PlyCount "82"]
[EventDate "2020.01.18"]
[EventType "team-tourn"]
[EventCountry "ESP"]
[SourceTitle "playchess.com"]
[Source "ChessBase"]
[SourceQuality "1"]
[TimeControl "5400+30"]

1. e4 e6 2. d3 d5 3. Qe2 d4 4. f4 c5 5. Nf3 Nc6 6. g3 Nf6 7. Bg2 Be7 8. O-O b6 9. c4 dxc3 10. bxc3 e5 11. Na3 exf4 12. gxf4 Bg4 13. h3 Bh5 14. Kh1 O-O 15. Nc4 Qc8 16. Qe3 Rd8 17. Bb2 b5 18. Nce5 Na5 19. Rac1 Ne8 20. Ne1 f6 21. N5f3 Bf7 22. a3 Nd6 23. Rc2 Rb8 24. Nh4 Be6 25. Qg3 f5 26. c4 Bf8 27. Be5 bxc4 28. dxc4 Rb3 29. Rc3 Rxc3 30. Qxc3 Naxc4 31. exf5 Bf7 32. f6 g6 33. Nd3 Ne3 34. Rg1 Nxg2 35. Kxg2 Qc6+ 36. Kh2 Ne4 37. Qc2 c4 38. Rg2 Rxd3 39. Nf5 Nxf6 40. Nd4 Qa6 41. f5 Bd6 0-1

[Event "CAT-chT 2020"]
[Site "Catalonia"]
[Date "2020.02.01"]
[Round "3.6"]
[White "Ibanez Tarradellas, Eduardo"]
[Black "Vehi Bach, Victor Manuel"]
[Result "1/2-1/2"]
[ECO "A45"]
[WhiteElo "2175"]
[BlackElo "2316"]
[Annotator "RC"]
[PlyCount "55"]
[EventDate "2020.01.18"]
[EventType "team-tourn"]
[EventCountry "ESP"]
[SourceTitle "playchess.com"]
[Source "ChessBase"]
[SourceQuality "1"]
[TimeControl "5400+30"]

1. d4 Nf6 2. Bg5 d5 3. Nd2 c5 4. Bxf6 gxf6 5. dxc5 Qa5 6. c3 Qxc5 7. e4 dxe4 8. Nxe4 Qe5 9. Qe2 Bf5 10. Ng3 Bg6 11. Nf3 Qxe2+ 12. Bxe2 Nc6 13. O-O e6 14. Rad1 Be7 15. Rd2 f5 16. Rfd1 f4 17. Nf1 Rd8 18. Rxd8+ Bxd8 19. Bb5 Bf6 20. Nd4 Bxd4 21. Rxd4 e5 22. Rd5 f6 23. f3 Ke7 24. Bxc6 bxc6 25. Ra5 Ra8 26. Kf2 Kd6 27. Nd2 Kc7 28. Ne4 1/2-1/2

[Event "CAT-chT 2020"]
[Site "Catalonia"]
[Date "2020.02.01"]
[Round "3.10"]
[White "Pau Plana, Albert"]
[Black "Llopis de Aysa, Manuel"]
[Result "1-0"]
[ECO "A42"]
[WhiteElo "1934"]
[BlackElo "2066"]
[Annotator "NA RC"]
[PlyCount "111"]
[EventDate "2020.01.18"]
[EventType "team-tourn"]
[EventCountry "ESP"]
[SourceTitle "playchess.com"]
[Source "ChessBase"]
[SourceQuality "1"]
[TimeControl "5400+30"]

1. d4 g6 2. c4 Bg7 3. Nc3 d6 4. e4 e5 5. d5 a5 6. Be3 Na6 {[%emt 0:00:26] A42: Modern Defence: Averbakh Variation} 7. h3 Nf6 8. g4 {[%emt 0:03:30] [#]} h5 $146 ({Predecessor:} 8... Nd7 9. Nge2 Bf6 10. Qd2 h6 11. O-O-O Bg5 12. f4 exf4 13. Nxf4 Ne5 14. Be2 Qe7 {0-1 (41) Batsiashvili,N (2447)-Praggnanandhaa,R (2586) Sitges 2019}) 9. g5 Nh7 10. h4 f6 11. Qd2 O-O 12. Bh3 f5 13. exf5 Bxf5 14. Bxf5 Rxf5 15. Nge2 Nf8 16. Ng3 Rf7 17. O-O-O Qd7 18. Qe2 a4 19. Nge4 b6 20. Rdg1 Qf5 21. Ng3 Qf3 22. Qxf3 Rxf3 23. Nge4 Nd7 24. Kd2 Nac5 25. Ke2 Rf7 26. Rb1 Nxe4 27. Nxe4 Nc5 28. Nxc5 bxc5 29. Kd3 e4+ 30. Kxe4 Re8+ (30... Be5 $11) 31. Kd3 Bd4 32. Rh3 Ref8 33. b4 axb3 34. Rxb3 Ra8 35. a3 Bxe3 36. fxe3 Rf1 37. Rh2 Rd1+ 38. Kc2 Rf1 39. Kb2 Re8 (39... Rf3 $11) 40. a4 Re4 41. a5 Rxc4 $2 (41... Rf8 $16 {is a better chance.}) 42. a6 Ra4 43. Ra3 Rb4+ 44. Kc3 Rf8 45. a7 Ra8 46. Rb2 Rxb2 47. Kxb2 Kf7 48. Kc3 Ke7 49. Kc4 Kd7 50. Kb5 Kc8 51. Ka6 c6 52. dxc6 $18 (52. e4 $142 cxd5 53. exd5 Kc7 54. Rf3 Kd7 55. Rf7+ Ke8 56. Rb7 Rxa7+ 57. Kxa7) 52... Kc7 53. Rb3 c4 54. Rb7+ Kxc6 55. Rb8 Rxa7+ 56. Kxa7 1-0

[Event "CAT-chT 2020"]
[Site "Catalonia"]
[Date "2020.02.08"]
[Round "4.1"]
[White "Gonzalez Garcia, Jose"]
[Black "Perez Mitjans, Orelvis"]
[Result "1/2-1/2"]
[ECO "A43"]
[WhiteElo "2494"]
[BlackElo "2421"]
[Annotator "ChessBase"]
[PlyCount "63"]
[EventDate "2020.01.18"]
[EventType "team-tourn"]
[EventCountry "ESP"]
[SourceTitle "playchess.com"]
[Source "ChessBase"]
[SourceQuality "1"]
[TimeControl "5400+30"]

1. d4 c5 2. d5 Nf6 3. Nc3 d6 4. e4 g6 5. Nf3 Bg7 6. Be2 O-O 7. O-O Bg4 8. Nd2 Bxe2 9. Qxe2 Na6 10. Nc4 Nc7 11. a4 a6 12. a5 Nd7 13. Bg5 Nb5 14. Na4 Qe8 15. c3 e5 16. Na3 Nxa3 17. Rxa3 f5 18. c4 f4 19. f3 Bf6 20. Bxf6 Rxf6 21. Qd2 Qd8 22. b4 Qc7 23. Rb1 g5 24. bxc5 Nxc5 25. Qb4 Nxa4 26. Rxa4 Rf7 27. Qb6 Rc8 28. Qxc7 Rcxc7 29. Rb6 Rfd7 30. Rab4 Kf8 31. h3 Ke7 32. Kf2 1/2-1/2

[Event "CAT-chT 2020"]
[Site "Catalonia"]
[Date "2020.02.08"]
[Round "4.2"]
[White "Fluvia Poyatos, Joan"]
[Black "Comas Fabrego, Lluis"]
[Result "1/2-1/2"]
[ECO "C01"]
[WhiteElo "2462"]
[BlackElo "2465"]
[Annotator "ChessBase"]
[PlyCount "114"]
[EventDate "2020.01.18"]
[EventType "team-tourn"]
[EventCountry "ESP"]
[SourceTitle "playchess.com"]
[Source "ChessBase"]
[SourceQuality "1"]
[TimeControl "5400+30"]

1. d4 e6 2. e4 d5 3. exd5 exd5 4. Nf3 Nc6 5. Bb5 Bd6 6. c4 dxc4 7. d5 a6 8. Ba4 b5 9. dxc6 bxa4 10. O-O Ne7 11. Nbd2 O-O 12. Nxc4 Nxc6 13. Qxa4 Qd7 14. Rd1 Nd4 15. Qxd7 Nxf3+ 16. gxf3 Bxd7 17. Nxd6 cxd6 18. Rxd6 Be6 19. Be3 a5 20. a4 Rfb8 21. Bd4 Rd8 22. Rxd8+ Rxd8 23. Bc3 Rd5 24. f4 f6 25. Kf1 Kf7 26. Ke2 Bc8 27. Ke3 Ba6 28. f3 Rd3+ 29. Kf2 Rd5 30. Rc1 Ke6 31. Be1 Kd7 32. Bc3 Ke6 33. Re1+ Kf7 34. h4 Bc4 35. Rc1 Bb3 36. Ra1 Bc2 37. Ke3 Rd3+ 38. Ke2 Rd5 39. Ra3 Rd3 40. Ra2 Rd5 41. Kf2 Bb3 42. Ra3 Bc2 43. Ra1 h6 44. Ra2 Bb3 45. Ra3 Bc2 46. Ra1 Kg6 47. Kg3 Kf7 48. Be1 Rd1 49. Rxd1 Bxd1 50. Bxa5 Bxa4 51. f5 h5 52. Kf4 Bc6 53. Bc3 g6 54. Ke3 gxf5 55. f4 Ke6 56. Kd4 Kd7 57. Kc5 Kc7 1/2-1/2

[Event "CAT-chT 2020"]
[Site "Catalonia"]
[Date "2020.02.08"]
[Round "4.3"]
[White "Asis Gargatagli, Hipolito"]
[Black "Ayats Llobera, Gerard"]
[Result "1/2-1/2"]
[ECO "B62"]
[WhiteElo "2490"]
[BlackElo "2375"]
[Annotator "ChessBase"]
[PlyCount "30"]
[EventDate "2020.01.18"]
[EventType "team-tourn"]
[EventCountry "ESP"]
[SourceTitle "playchess.com"]
[Source "ChessBase"]
[SourceQuality "1"]
[TimeControl "5400+30"]

1. e4 c5 2. Nf3 d6 3. d4 Nf6 4. Nc3 cxd4 5. Nxd4 Nc6 6. Bg5 e6 7. Bb5 Bd7 8. Qd3 Qa5 9. Nb3 Qc7 10. O-O-O a6 11. Bxc6 Bxc6 12. Bxf6 gxf6 13. Qh3 Be7 14. Rhe1 b5 15. Rd4 a5 1/2-1/2

[Event "CAT-chT 2020"]
[Site "Catalonia"]
[Date "2020.02.08"]
[Round "4.4"]
[White "Beltran Rueda, Santiago"]
[Black "Moskalenko, Viktor"]
[Result "0-1"]
[ECO "A29"]
[WhiteElo "2332"]
[BlackElo "2471"]
[Annotator "ChessBase"]
[PlyCount "56"]
[EventDate "2020.01.18"]
[EventType "team-tourn"]
[EventCountry "ESP"]
[SourceTitle "playchess.com"]
[Source "ChessBase"]
[SourceQuality "1"]
[TimeControl "5400+30"]

1. c4 e5 2. Nc3 Nf6 3. g3 Bb4 4. Bg2 O-O 5. Nf3 e4 6. Nd4 Re8 7. O-O Nc6 8. Nc2 Bxc3 9. dxc3 h6 10. Ne3 d6 11. Qc2 Ne5 12. b3 Neg4 13. h3 Nxe3 14. Bxe3 Qe7 15. Rad1 Bf5 16. Kh2 b6 17. Qc1 Bg6 18. Rfe1 Nd7 19. f4 f5 20. Rd2 h5 21. h4 Nf6 22. Bh3 Qe6 23. Bd4 e3 24. Rd3 Ng4+ 25. Bxg4 fxg4 26. Rxe3 Be4 27. f5 Qxf5 28. Rf1 Qg6 0-1

[Event "CAT-chT 2020"]
[Site "Catalonia"]
[Date "2020.02.08"]
[Round "4.4"]
[White "Cruz, Filemon"]
[Black "Bofill Mas, Alejandro"]
[Result "1/2-1/2"]
[ECO "A04"]
[WhiteElo "2302"]
[BlackElo "2323"]
[Annotator "ChessBase"]
[PlyCount "26"]
[EventDate "2020.01.18"]
[EventType "team-tourn"]
[EventCountry "ESP"]
[SourceTitle "playchess.com"]
[Source "ChessBase"]
[SourceQuality "1"]
[TimeControl "5400+30"]

1. Nf3 c5 2. b3 d6 3. g3 e5 4. d3 g6 5. Bb2 Bg7 6. c4 Ne7 7. Nc3 O-O 8. Bg2 Nbc6 9. O-O h6 10. Nd2 Bg4 11. h3 Be6 12. Rc1 Qd7 13. Kh2 f5 1/2-1/2

[Event "CAT-chT 2020"]
[Site "Catalonia"]
[Date "2020.02.08"]
[Round "4.5"]
[White "Lorenzo De La Riva, Lazaro"]
[Black "Hapala, Elisabeth"]
[Result "1/2-1/2"]
[ECO "A15"]
[WhiteElo "2402"]
[BlackElo "2170"]
[Annotator "ChessBase"]
[PlyCount "145"]
[EventDate "2020.01.18"]
[EventType "team-tourn"]
[EventCountry "ESP"]
[SourceTitle "playchess.com"]
[Source "ChessBase"]
[SourceQuality "1"]
[TimeControl "5400+30"]

1. c4 Nf6 2. Nf3 e6 3. e3 d5 4. b3 Be7 5. Bb2 O-O 6. Qc2 c5 7. cxd5 Nxd5 8. a3 b6 9. h4 Bf6 10. Ng5 g6 11. Ne4 Bxb2 12. Qxb2 f5 13. Ng5 Qf6 14. Qxf6 Nxf6 15. Nc3 h6 16. Nh3 Nc6 17. Nf4 g5 18. hxg5 hxg5 19. Ng6 Re8 20. Bb5 Bd7 21. Bxc6 Bxc6 22. Ne5 Bxg2 23. Rg1 Bb7 24. Rxg5+ Kf8 25. O-O-O Rac8 26. Rdg1 Rc7 27. Nb5 Rh7 28. Ng6+ Kg7 29. Nd6 Rb8 30. Nf4+ Kf8 31. Rg6 Ke7 32. Nc4 Bd5 33. Ne5 Kd6 34. Rxf6 Kxe5 35. Rgg6 Re8 36. Kb2 Rh2 37. Kc3 Kd6 38. Rxf5 Be4 39. Rff6 Bxg6 40. Nxg6 Kd5 41. Rf7 e5 42. f4 exf4 43. Nxf4+ Kc6 44. Rxa7 Rd8 45. d3 Re8 46. e4 Rf8 47. Nd5 Rff2 48. Rc7+ Kd6 49. Kc4 Rc2+ 50. Kb5 Rhd2 51. Rc6+ Ke5 52. Ne3 Rxd3 53. Nxc2 Rxb3+ 54. Kc4 Rb2 55. Kc3 Rb1 56. Ne3 Kxe4 57. Re6+ Kf3 58. Nc4 Rc1+ 59. Kd3 b5 60. Rf6+ Kg3 61. Nd2 Ra1 62. Ra6 Kf4 63. Kc2 Ra2+ 64. Kc1 Ke3 65. Rh6 b4 66. Nc4+ Kd4 67. Rh4+ Kc3 68. Kb1 Re2 69. axb4 Re1+ 70. Ka2 cxb4 71. Na5 Re2+ 72. Kb1 Re1+ 73. Ka2 1/2-1/2

[Event "CAT-chT 2020"]
[Site "Catalonia"]
[Date "2020.02.08"]
[Round "4.5"]
[White "Milliet, Sophie"]
[Black "Gomez Jurado, Luis Alberto"]
[Result "1-0"]
[ECO "B19"]
[WhiteElo "2390"]
[BlackElo "2221"]
[Annotator "ChessBase"]
[PlyCount "67"]
[EventDate "2020.01.18"]
[EventType "team-tourn"]
[EventCountry "ESP"]
[SourceTitle "playchess.com"]
[Source "ChessBase"]
[SourceQuality "1"]
[TimeControl "5400+30"]

1. e4 c6 2. d4 d5 3. Nc3 dxe4 4. Nxe4 Bf5 5. Ng3 Bg6 6. h4 h6 7. Nf3 Nd7 8. Bd3 Bxd3 9. Qxd3 Ngf6 10. Bd2 e6 11. O-O-O Be7 12. Kb1 O-O 13. Nf1 c5 14. g4 Nxg4 15. Qe2 Ndf6 16. Rg1 Kh8 17. Ne5 h5 18. Ne3 cxd4 19. N3xg4 hxg4 20. Bg5 Rc8 21. c3 Nd5 22. Bxe7 Qxe7 23. Rxd4 Qf6 24. Rdxg4 Qf5+ 25. Ka1 Nf4 26. Qe3 f6 27. Nd7 Nd5 28. Qg3 Rg8 29. Rxg7 Ne7 30. h5 Rcd8 31. h6 Qh5 32. h7 Rge8 33. Rxe7 Rxe7 34. Qg8+ 1-0

[Event "CAT-chT 2020"]
[Site "Catalonia"]
[Date "2020.02.08"]
[Round "4.6"]
[White "Oms Fuentes, Lluis"]
[Black "Chueca Forcen, Alberto"]
[Result "1-0"]
[ECO "B26"]
[WhiteElo "2297"]
[BlackElo "2358"]
[Annotator "ChessBase"]
[PlyCount "127"]
[EventDate "2020.01.18"]
[EventType "team-tourn"]
[EventCountry "ESP"]
[SourceTitle "playchess.com"]
[Source "ChessBase"]
[SourceQuality "1"]
[TimeControl "5400+30"]

1. e4 c5 2. Nc3 Nc6 3. g3 g6 4. Bg2 Bg7 5. d3 d6 6. Be3 e6 7. Qd2 Nd4 8. Nd1 Ne7 9. c3 Ndc6 10. Bh6 O-O 11. h4 Kh8 12. Bxg7+ Kxg7 13. h5 Ng8 14. Ne3 b5 15. Ne2 Bb7 16. O-O-O Qa5 17. Kb1 b4 18. c4 Qb6 19. Ng4 e5 20. hxg6 fxg6 21. f4 Rae8 22. f5 Qd8 23. Rdf1 gxf5 24. exf5 Kh8 25. f6 Rf7 26. Bd5 Ref8 27. Bxf7 Rxf7 28. Rxh7+ Rxh7 29. f7 Qf8 30. fxg8=Q+ Qxg8 31. Nf6 Qf7 32. g4 Rh3 33. Qg5 Ne7 34. Ng3 Qg6 35. Qxg6 Nxg6 36. Nf5 Rxd3 37. Rf2 Nf4 38. Kc2 Rh3 39. Nxd6 Bh1 40. Nf5 Ne6 41. Re2 Nd4+ 42. Nxd4 exd4 43. Re7 Rh2+ 44. Kd3 Rh3+ 45. Kd2 Rh2+ 46. Re2 Rxe2+ 47. Kxe2 Bc6 48. Nh5 Bd7 49. Kf3 Be6 50. b3 Kg8 51. Nf4 Bf7 52. Ke2 Kg7 53. Nd3 Bg6 54. Nxc5 Bb1 55. Kd2 Kf6 56. Kc1 Bg6 57. Na6 Kg5 58. Nxb4 Kxg4 59. Nc6 Kf4 60. Nxd4 Ke3 61. Nc6 a6 62. Ne7 Be8 63. c5 Kd4 64. c6 {Kd5} 1-0

[Event "CAT-chT 2020"]
[Site "Catalonia"]
[Date "2020.02.08"]
[Round "4.6"]
[White "Fernandez Madrid, Carlos"]
[Black "Perpinya Rofes, Lluis Maria"]
[Result "0-1"]
[ECO "A25"]
[WhiteElo "2128"]
[BlackElo "2293"]
[Annotator "ChessBase"]
[PlyCount "66"]
[EventDate "2020.01.18"]
[EventType "team-tourn"]
[EventCountry "ESP"]
[SourceTitle "playchess.com"]
[Source "ChessBase"]
[SourceQuality "1"]
[TimeControl "5400+30"]

1. c4 e5 2. Nc3 Nc6 3. g3 g6 4. Bg2 Bg7 5. e3 d6 6. Nge2 Nge7 7. O-O O-O 8. d4 exd4 9. exd4 a6 10. Bf4 Rb8 11. Qd2 Nf5 12. d5 Ne5 13. b3 h6 14. h4 b5 15. cxb5 axb5 16. Rac1 b4 17. Ne4 Ba6 18. Bxe5 Bxe5 19. Rfd1 Re8 20. Nf4 Nxh4 21. gxh4 Qxh4 22. Nh3 f5 23. Ng3 f4 24. Rxc7 fxg3 25. f4 Bc3 26. Qc2 Qf6 27. Be4 Rbc8 28. Rxc8 Bxc8 29. Bxg6 Bxh3 30. Bxe8 Bd4+ 31. Kh1 Bf5 32. Qd2 Qh4+ 33. Kg2 Qh3+ 0-1

[Event "CAT-chT 2020"]
[Site "Catalonia"]
[Date "2020.02.08"]
[Round "4.7"]
[White "Vehi Bach, Victor Manuel"]
[Black "Jimenez Ruano, Adrian"]
[Result "1-0"]
[ECO "B33"]
[WhiteElo "2316"]
[BlackElo "2232"]
[Annotator "ChessBase"]
[PlyCount "60"]
[EventDate "2020.01.18"]
[EventType "team-tourn"]
[EventCountry "ESP"]
[SourceTitle "playchess.com"]
[Source "ChessBase"]
[SourceQuality "1"]
[TimeControl "5400+30"]

1. e4 c5 2. Nf3 Nc6 3. d4 cxd4 4. Nxd4 Nf6 5. Nc3 e5 6. Ndb5 d6 7. Bg5 a6 8. Na3 b5 9. Bxf6 gxf6 10. Nd5 f5 11. c3 Bg7 12. Bd3 Be6 13. Qh5 Rb8 14. Nc2 Bxd5 15. exd5 e4 16. Bxe4 fxe4 17. dxc6 O-O 18. O-O Rc8 19. Qd5 Re8 20. Rad1 Be5 21. Rfe1 Qh4 22. g3 Qh5 23. Rxe4 Re6 24. f4 Rh6 25. Rd2 Bg7 26. Qxh5 Rxh5 27. Nb4 Bf8 28. Nd5 Kg7 29. c7 Rxd5 30. Rxd5 Rxc7 1-0

[Event "CAT-chT 2020"]
[Site "Catalonia"]
[Date "2020.02.08"]
[Round "4.7"]
[White "Fernandez Aguado, Enrique"]
[Black "Campins Machado, Francesc"]
[Result "0-1"]
[ECO "A30"]
[WhiteElo "2269"]
[BlackElo "2129"]
[Annotator "ChessBase"]
[PlyCount "90"]
[EventDate "2020.01.18"]
[EventType "team-tourn"]
[EventCountry "ESP"]
[SourceTitle "playchess.com"]
[Source "ChessBase"]
[SourceQuality "1"]
[TimeControl "5400+30"]

1. Nf3 Nf6 2. c4 e6 3. Nc3 c5 4. g3 b6 5. Bg2 Bb7 6. O-O Be7 7. Re1 O-O 8. e4 d6 9. d4 cxd4 10. Nxd4 Qc8 11. b3 a6 12. Ba3 Qc7 13. Rc1 Nbd7 14. g4 g6 15. h3 Rfe8 16. Qd2 Rac8 17. Nde2 Qb8 18. Ng3 Red8 19. g5 Ne8 20. h4 Bf8 21. Nf1 Ba8 22. Ne3 b5 23. cxb5 axb5 24. Bb4 Ne5 25. a3 Nc6 26. Ng4 Bg7 27. Qd3 Nxb4 28. axb4 Nc7 29. Nf6+ Bxf6 30. gxf6 Ne8 31. Nxb5 Rxc1 32. Rxc1 Nxf6 33. Ra1 Bxe4 34. Bxe4 Nxe4 35. Nd4 d5 36. b5 Qf4 37. Qe3 Qg4+ 38. Kf1 Qxh4 39. Ra7 Qh1+ 40. Ke2 e5 41. Nc6 d4 42. Qd3 Nc5 43. Qc4 d3+ 44. Kd2 Ne4+ 45. Ke3 Qe1+ {[%emt 0:00:16] Kd4} 0-1

[Event "CAT-chT 2020"]
[Site "Catalonia"]
[Date "2020.02.08"]
[Round "4.8"]
[White "Fernandez Serrano, Pau"]
[Black "Ayas Fernandez, Antonio"]
[Result "1-0"]
[ECO "D00"]
[WhiteElo "2056"]
[BlackElo "2228"]
[Annotator "ChessBase"]
[PlyCount "56"]
[EventDate "2020.01.18"]
[EventType "team-tourn"]
[EventCountry "ESP"]
[SourceTitle "playchess.com"]
[Source "ChessBase"]
[SourceQuality "1"]
[TimeControl "5400+30"]

1. d4 d5 2. Bf4 Nf6 3. e3 c5 4. c3 Nc6 5. Nd2 e6 6. Ngf3 Bd6 7. Bg3 O-O 8. Bd3 Re8 9. Ne5 Qc7 10. f4 b6 11. O-O g6 12. Bh4 Nd7 13. g4 Kg7 14. Qf3 f6 15. Nxc6 Qxc6 16. e4 cxd4 17. cxd4 Bb7 18. e5 Be7 19. Rac1 Qa4 20. Rc7 fxe5 21. Bxe7 e4 22. Qe3 Rxe7 23. Rxb7 exd3 24. Rc1 Rae8 25. b3 Qa3 26. Rcc7 Nf6 27. Qxe6 Ng8 28. Nb1 Ra8 1-0

[Event "CAT-chT 2020"]
[Site "Catalonia"]
[Date "2020.02.08"]
[Round "4.9"]
[White "Fernandez Aguilar, Francisco"]
[Black "Hovakimyan, Narek"]
[Result "1-0"]
[ECO "E09"]
[WhiteElo "2152"]
[BlackElo "2064"]
[Annotator "ChessBase"]
[PlyCount "71"]
[EventDate "2020.01.18"]
[EventType "team-tourn"]
[EventCountry "ESP"]
[SourceTitle "playchess.com"]
[Source "ChessBase"]
[SourceQuality "1"]
[TimeControl "5400+30"]

1. Nf3 c6 2. g3 d5 3. Bg2 Nf6 4. O-O e6 5. d4 Be7 6. Nbd2 Nbd7 7. c4 O-O 8. Qc2 Re8 9. e4 dxe4 10. Nxe4 Nxe4 11. Qxe4 Nf6 12. Qc2 h6 13. Rd1 Qc7 14. Bf4 Bd6 15. Bxd6 Qxd6 16. c5 Qc7 17. Ne5 Bd7 18. a3 Red8 19. Nc4 Be8 20. Nd6 Nd5 21. Bxd5 cxd5 22. Qe2 a6 23. f4 b6 24. b4 Rdb8 25. f5 bxc5 26. dxc5 Qe7 27. fxe6 Qxe6 28. Qf3 Bc6 29. Re1 Qd7 30. Ra2 d4 31. Qf4 Ra7 32. Rf2 Ba8 33. Nxf7 Re8 34. Rxe8+ Qxe8 35. Qe5 Qc6 36. Qb8+ 1-0

[Event "CAT-chT 2020"]
[Site "Catalonia"]
[Date "2020.02.08"]
[Round "4.10"]
[White "Barcelo Sola, David"]
[Black "Jareno Badenas, Aleix"]
[Result "1/2-1/2"]
[ECO "C11"]
[WhiteElo "1994"]
[BlackElo "2073"]
[Annotator "NA"]
[PlyCount "115"]
[EventDate "2020.01.18"]
[EventType "team-tourn"]
[EventCountry "ESP"]
[SourceTitle "playchess.com"]
[Source "ChessBase"]
[SourceQuality "1"]
[TimeControl "5400+30"]

1. e4 e6 2. d4 d5 3. Nc3 Nf6 4. Bg5 dxe4 5. Nxe4 Be7 6. Bxf6 gxf6 7. Nf3 f5 8. Nc3 a6 9. Bc4 b5 10. Bb3 c5 11. dxc5 Qxd1+ 12. Rxd1 Bb7 13. O-O Rg8 14. Kh1 Nd7 15. Rfe1 O-O-O 16. c6 Bxc6 17. Bxe6 fxe6 18. Rxe6 Bxf3 19. gxf3 Bc5 20. Rxa6 b4 21. Nd5 Kb7 22. Rh6 Rg7 23. c3 Ne5 24. Rf6 Bxf2 25. Rxf5 Rxd5 26. Rf1 bxc3 27. bxc3 Rc5 28. Rxf2 Rxc3 29. h3 Nd3 30. Re2 Kc7 31. a4 Ra3 32. Rc2+ Kb7 33. Rb5+ Ka7 34. Ra5+ Kb7 35. Rb5+ Ka7 36. Ra5+ Kb6 37. Rb5+ Ka6 38. Rc8 Ra1+ 39. Kh2 Ra2+ 40. Kh1 Ra1+ 41. Kh2 Ra2+ 42. Kh1 Rxa4 43. Rb3 Ra1+ 44. Kh2 Ra2+ 45. Kh1 Ra1+ 46. Kh2 Ra2+ 47. Kh1 Nf2+ 48. Kh2 Ka7 49. Rbb8 Ne4+ 50. Kh1 Ra1+ 51. Kh2 Ra2+ 52. Kh1 Nf2+ 53. Kh2 Ra6 54. Ra8+ Kb6 55. Rxa6+ Kxa6 56. Rd8 Rf7 57. Kg3 Nxh3 58. Kxh3 1/2-1/2

[Event "CAT-chT 2020"]
[Site "Catalonia"]
[Date "2020.02.08"]
[Round "4.10"]
[White "Serrano Batova, Vicent"]
[Black "Ruperez Ryhr, Miguel Angel"]
[Result "0-1"]
[ECO "D05"]
[WhiteElo "1743"]
[BlackElo "2126"]
[Annotator "ChessBase"]
[PlyCount "110"]
[EventDate "2020.01.18"]
[EventType "team-tourn"]
[EventCountry "ESP"]
[SourceTitle "playchess.com"]
[Source "ChessBase"]
[SourceQuality "1"]
[TimeControl "5400+30"]

1. d4 Nf6 2. Nf3 e6 3. e3 d5 4. Bd3 c5 5. b3 Nc6 6. Bb2 Bd6 7. Nbd2 O-O 8. O-O b6 9. Ne5 Bb7 10. f4 Rc8 11. a3 Ne7 12. g4 Ne4 13. g5 Nf5 14. Qe2 f6 15. gxf6 gxf6 16. Ng4 Rc7 17. Nxe4 dxe4 18. Bc4 Bd5 19. Bxd5 exd5 20. dxc5 Bxc5 21. b4 Rg7 22. Kh1 Be7 23. Rad1 Kh8 24. Rg1 Rfg8 25. Nf2 Qf8 26. Nh3 Rxg1+ 27. Rxg1 Rxg1+ 28. Nxg1 Qg8 29. Qf2 Qg4 30. Ne2 Qf3+ 31. Qxf3 exf3 32. Nd4 Nxe3 33. Kg1 f2+ 34. Kxf2 Nd1+ 35. Kf3 Nxb2 36. Nc6 Bf8 37. Nxa7 Nc4 38. Nb5 f5 39. c3 Bg7 40. Nc7 Bxc3 41. Nxd5 Bd4 42. a4 Kg7 43. a5 bxa5 44. bxa5 Nxa5 45. Ne7 Kf6 46. Nd5+ Ke6 47. Nb4 Bc5 48. Nd3 Bd6 49. Ne1 Nc6 50. Ng2 Nd4+ 51. Ke3 Kd5 52. Kd3 Nf3 53. h3 Ng1 54. h4 Bc5 55. h5 Nh3 {Kd4+ Ke5+} 0-1